 Dungeon Crawl Stone Soup version 0.31-a0-879-g1609e0ac53 (webtiles) character file.

Game seed: 5523326022092896180

4828 sircluck the Grappler (level 10, -12/92 HPs)
             Began as a Troll Berserker on Oct 14, 2023.
             Was a High Priest of Trog.
             Mangled by a white ugly thing (39 damage)
             ... on level 8 of the Dungeon.
             The game lasted 00:09:25 (6898 turns).

sircluck the Grappler (Troll Berserker)             Turns: 6898, Time: 00:09:26

Health: -12/92     AC:  9    Str: 31    XL:     10   Next: 25%
Magic:  9/9        EV: 11    Int:  3    God:    Trog [*****.]
Gold:   442        SH:  0    Dex:  9    Spells: 9/9 levels left

rFire   + .          .
                       - Unarmed
rCold   x . .        (no shield)
rNeg    . . .        a - +1 animal skin
rPois   +            F - +1 hat
rElec   .            w - +2 cloak {rPois}
rCorr   .            (gloves unavailable)
SInv    .            (boots unavailable)
Will    .....        (no amulet)
Stlth   ++           o - ring of fire
HPRegen 1.15/turn    y - ring of poison resistance
MPRegen 0.11/turn

%: no passive effects
@: no status effects
A: large, unfitting armour, claws 3, regeneration 1, shaggy fur 1, tough skin 1
a: Renounce Religion, Berserk, Trog's Hand, Brothers in Arms


You were on level 8 of the Dungeon.
You worshipped Trog.
Trog was extremely pleased with you.
You visited 1 branch of the dungeon, and saw 9 of its levels.
You also visited: Ossuary.

You collected 442 gold pieces.

Inventory:

Missiles
 c - 69 stones (quivered)
 f - 2 throwing nets
 m - 44 poisoned darts
 G - 3 atropa-tipped darts
Armour
 a - a +1 animal skin (worn)
 w - a +2 cloak of poison resistance (worn)
 F - a +1 hat (worn)
Jewellery
 o - a ring of fire (left claw)
 y - a ring of poison resistance (right claw)
 B - a ring of flight
 D - a ring of positive energy
Wands
 k - a wand of iceblast (15)
 r - a wand of flame (44)
 z - a wand of quicksilver (22)
Scrolls
 b - a scroll of poison
 e - 2 scrolls of enchant weapon
 i - 2 scrolls of teleportation
 n - 2 scrolls of fog
 q - 2 scrolls of butterflies
 s - 2 scrolls of identify
Potions
 d - 4 potions of heal wounds
 g - 3 potions of curing {unknown}
 h - 2 potions of haste {unknown}
 j - 4 potions of might
 l - 3 potions of enlightenment
 p - 2 potions of ambrosia {unknown}
 t - 2 potions of cancellation {unknown}
 u - 4 potions of degeneration
 v - a potion of magic {unknown}
 x - 2 potions of brilliance {unknown}
 A - 2 potions of mutation {unknown}
 C - a potion of lignification {unknown}


   Skills:
 + Level 3.9 Fighting
 * Level 6.0 Throwing
 + Level 5.8 Dodging
 + Level 1.9 Stealth
 + Level 11.2 Unarmed Combat


You had 9 spell levels left.
You didn't know any spells.
Your spell library was empty.

Dungeon Overview and Level Annotations

Branches:
Dungeon (9/15)             Temple (0/1) D:5         Ossuary (visited)
   Lair: D:8-11         Orc: D:9-12

Altars:
Trog


Innate Abilities, Weirdness & Mutations

You are too large for most types of armour.
You have claws for hands.
Your natural rate of healing is unusually fast.
You are covered in fur. (AC +1)
You have tough skin. (AC +1)


Message History

You hear a roar!
A white ugly thing comes into view.
Found a stone staircase leading down.
The centaur shoots an arrow.
The arrow barely misses you.
The killer bee attacks as it pursues you!
The killer bee stings you but does no damage.
The killer bee stings you.
There is a stone staircase leading up here.
The killer bee stings you! The killer bee stings you.
You climb upwards.
There is a stone staircase leading down here.
You mangle the killer bee!!
You kill the killer bee!
Trog accepts your kill.
You start resting.
HP restored.
There is a stone staircase leading down here.
You climb downwards.
The cyclops completely misses you.
The white ugly thing bites you but does no damage.
There is a stone staircase leading up here.
The cyclops barely misses you. The white ugly thing barely misses you.
You climb upwards.
There is a stone staircase leading down here.
You claw the cyclops!
The cyclops is lightly wounded.
The cyclops hits you!
You scratch the cyclops.
The cyclops is moderately wounded.
The white ugly thing closely misses you.
You mangle the cyclops!!
The cyclops is severely wounded.
The white ugly thing bites you. The white ugly thing freezes you!!!
You feel a terrible chill! The cyclops misses you.
You claw the cyclops! x2
You kill the cyclops!
Trog accepts your kill. The white ugly thing bites you!
* * * LOW HITPOINT WARNING * * *
The white ugly thing freezes you!!!
You feel a terrible chill!
You die...

..#######.#.## ##.# #.#
..######...#####..# #.#
.........#.......## #.#
..#####....####..# #.# ..#
#.#.## #..# #.# ..# #.#.###
#..# #.# ..# #.#...# #..#
#[# ..# #.###.# #..# #<#
..# ##.###.###(@##### #.#
..####...#......u....# #.#
..[....#........####.# #.##
...###....#.##### #.# #...
...###....#.# #.# #.##
..........#.# #.# #.#
...###....#.#
#####.#########.# ...#
##.#.#.####...............#
####
#........................#


You could see a white ugly thing.

Vanquished Creatures
  A cyclops (D:8)
  A hornet (D:8)
  2 wyverns (D:9)
  3 vampire mosquitoes (D:8)
  Menkaure (D:5)
  2 steam dragons
  2 sky beasts (D:6)
  2 ice beasts
  An orc warrior (D:7)
  2 black bears
  2 ogres
  2 centaurs
  3 phantoms
  3 kobold brigands (D:7)
  2 bullfrogs
  A scorpion (D:6)
  7 wights
  A killer bee (D:8)
  A howler monkey (D:9)
  3 centaur zombies (Ossuary)
  2 bullfrog zombies (Ossuary)
  Crazy Yiuf (D:5)
  A hound (D:6)
  2 jellies
  4 orc priests
  3 gnoll boudas
  2 sleepcaps
  2 iguanas (D:7)
  6 orc wizards
  4 scorpion zombies
  2 ogre zombies (Ossuary)
  5 adders
  25 gnolls
  3 howler monkey skeletons (D:6)
  A white imp (D:5)
  2 ufetubi (D:6)
  7 adder zombies (Ossuary)
  4 dart slugs
  20 orcs
  9 endoplasms
  3 giant cockroaches
  3 gnoll zombies (Ossuary)
  5 goblins
  4 hobgoblins
  4 quokkas
  8 ball pythons
  5 bats
  3 frilled lizards (D:2)
  2 goblin zombies (Ossuary)
  27 kobolds
  2 orc zombies (Ossuary)
  A rat (D:2)
214 creatures vanquished.

Vanquished Creatures (collateral kills)
  3 wights (D:8)
  An orc wizard (D:8)
  2 orcs (D:8)
6 creatures vanquished.

Grand Total: 220 creatures vanquished

Notes
Turn   | Place    | Note
-------+----------+-------------------------------------------
     0 | D:1      | sircluck the Troll Berserker began the quest for the Orb.
     0 | D:1      | Reached XP level 1. HP: 22/22 MP: 0/0
    99 | D:1      | Reached XP level 2. HP: 28/29 MP: 1/1
   358 | D:1      | Found a faded altar of an unknown god.
   524 | D:2      | Reached XP level 3. HP: 36/36 MP: 2/2
   541 | D:2      | Reached ** piety under Trog
   547 | D:2      | Reached skill level 1 in Throwing
   614 | D:2      | Reached XP level 4. HP: 35/44 MP: 3/3
   616 | D:2      | Reached skill level 4 in Unarmed Combat
  1166 | D:3      | Reached XP level 5. HP: 35/52 MP: 4/4
  1532 | D:3      | Found a bloodstained altar of Trog.
  1815 | D:4      | Reached XP level 6. HP: 31/59 MP: 5/5
  1818 | D:4      | Reached skill level 5 in Unarmed Combat
  2008 | D:4      | Reached *** piety under Trog
  3085 | D:5      | Entered Level 5 of the Dungeon
  3121 | D:5      | Noticed Menkaure
  3128 | D:5      | Killed Menkaure
  3129 | D:5      | Reached skill level 6 in Unarmed Combat
  3129 | D:5      | Reached XP level 7. HP: 22/67 MP: 6/6
  3267 | D:5      | Found a staircase to the Ecumenical Temple.
  3610 | D:5      | Found a runed translucent door.
  3611 | D:5      | Noticed Crazy Yiuf
  3917 | D:5      | Killed Crazy Yiuf
  4036 | D:6      | Reached skill level 7 in Unarmed Combat
  4221 | D:6      | Reached skill level 1 in Stealth
  4221 | D:6      | Reached XP level 8. HP: 75/75 MP: 7/7
  4242 | D:6      | Found a sand-covered staircase.
  4253 | Ossuary  | Entered an ossuary
  4337 | Ossuary  | Reached **** piety under Trog
  4394 | Ossuary  | Reached skill level 8 in Unarmed Combat
  4394 | Ossuary  | Noticed a silent spectre
  5024 | D:6      | Reached XP level 9. HP: 73/83 MP: 8/8
  5133 | D:7      | Reached skill level 9 in Unarmed Combat
  5262 | D:7      | Reached skill level 5 in Dodging
  5437 | D:7      | Reached skill level 5 in Throwing
  5795 | D:7      | Reached skill level 10 in Unarmed Combat
  5999 | D:7      | Reached ***** piety under Trog
  6278 | D:8      | Reached XP level 10. HP: 74/89 MP: 9/9
  6609 | D:8      | Reached skill level 11 in Unarmed Combat
  6838 | D:9      | Noticed a cyclops
  6842 | D:9      | Noticed a white ugly thing
  6898 | D:8      | Killed a cyclops
  6898 | D:8      | Mangled by a white ugly thing

Illustrated notes

Levels and vault maps discovered:
D:1:      dpeg_arrival_arbitrary_c, layout_rooms,
          shapermc_ecumenical_altar_mp_highgroup
D:2:      layout_loops_ring, nicolae_grassy_gnolls
D:3:      layout_rooms, general_overflow_altar, columned_hall_lemuel
D:4:      layout_layer_cave
D:5:      layout_loops_ring, minmay_temple_entry_glassed_door,
          uniq_crazy_yiuf_cottage, uniq_menkaure
D:6:      layout_loops_ring, mainiacjoe_ossuary_entry_find_the_door,
          grunt_decor_clamped, minmay_misc_feat_columns,
          kennysheep_generic_room_7
D:7:      layout_basic
D:8:      layout_loops_ring
D:9:      minmay_bloctagon, layout_basic, david_orc_1_choice

Skill      XL: |  1  2  3  4  5  6  7  8  9 10 |
---------------+-------------------------------+-----
Throwing       | 1 2 3 4 5 6 |  6.0
Unarmed Combat | 4 6 7 8 10 11 | 11.2
Dodging        | 3 4 5 |  5.8
Fighting       | 3 |  3.9
Stealth        | 1 |  1.9

Action                     |  1- 3 |  4- 6 |  7- 9 | 10-12 || total
---------------------------+-------+-------+-------+-------++-------
  Melee: Unarmed           |    62 |   129 |   332 |    41 ||   564
         Punch             |       |     6 |    20 |     2 ||    28
  Throw: Stone             |    16 |       |       |       ||    16
 Invoke: Brothers in Arms  |       |       |     1 |       ||     1
    Use: Scroll            |       |     7 |     9 |       ||    16
         Potion            |       |     1 |       |       ||     1
   Stab: Sleeping          |     1 |       |     4 |       ||     5
 Armour: Animal skin       |    34 |    79 |   244 |    36 ||   393
  Dodge: Dodged            |    32 |    67 |   165 |    39 ||   303

Table legend: (Time is in decaauts)
 A = Elapsed time spent in this place.
 B = Non-inter-level travel time spent in this place.
 C = Inter-level travel time spent in this place.
 D = Time resting spent in this place.
 E = Time spent auto-exploring this place.
 F = Levels seen in this place.
 G = Mean time per level.
                   A        B        C        D        E       F      G
               +--------+--------+--------+--------+--------+-----+--------+
         Total |   6826 |   6683 |    143 |    219 |   5236 |  10 |  682.6 |
       Dungeon |   6656 |   6513 |    143 |    219 |   5172 |   9 |  739.6 |
       Ossuary |    169 |    169 |      0 |      0 |     64 |   1 |  169.0 |
               +--------+--------+--------+--------+--------+-----+--------+

Top non-repeatable levels by time:
     D:4: 1358 daAuts
     D:6: 919 daAuts
     D:7: 900 daAuts
     D:5: 868 daAuts
     D:8: 859 daAuts
     D:2: 720 daAuts
     D:3: 594 daAuts
     D:1: 411 daAuts
 Ossuary: 169 daAuts
     D:9: 24 daAuts
